[Event "44th Chess Olympiad Open 2022"]
[Site "Chennai"]
[Date "2022.08.08"]
[Round "10.38"]
[White "Othman, A. Moussa"]
[Black "Mieles Palau, Daniel"]
[Result "1/2-1/2"]
[WhiteElo "2229"]
[BlackElo "2364"]
[Annotator "RC"]
[PlyCount "73"]
[EventDate "2022.??.??"]
[TimeControl "60"]

1. d4 d5 2. c4 e6 3. Nf3 c6 4. e3 f5 5. Bd3 Nf6 6. O-O Bd6 7. b3 Qe7 8. Bb2 O-O 9. Qc1 Ne4 10. Ba3 Nd7 11. Bxd6 Qxd6 12. Qa3 b6 13. Qxd6 Nxd6 14. cxd5 exd5 15. Nbd2 Bb7 16. Rac1 Rfc8 17. Rfd1 Kf7 18. Ng5+ Kf6 19. f4 h6 20. Ngf3 Ne4 21. Ne5 Nxe5 22. fxe5+ Ke7 23. g4 Nxd2 24. Rxd2 fxg4 25. Rg2 g5 26. Rxg4 c5 27. Rf1 cxd4 28. exd4 Rc3 29. Rg3 Rf8 30. Rxf8 Kxf8 31. Kf2 Bc8 32. Ke2 Rc1 33. Rf3+ Kg7 34. Rf1 Rxf1 35. Kxf1 h5 36. Kf2 Kh6 37. Ke3 1/2-1/2

[Event "44th Chess Olympiad Open 2022"]
[Site "Chennai"]
[Date "2022.08.08"]
[Round "10.38"]
[White "Sultan, Ibrahim"]
[Black "Noboa Silva, Kevin"]
[Result "1-0"]
[WhiteElo "2108"]
[BlackElo "2304"]
[Annotator "RC"]
[PlyCount "83"]
[EventDate "2022.??.??"]
[TimeControl "60"]

1. d4 e6 2. Nf3 Nf6 3. c4 Bb4+ 4. Nbd2 a5 5. a3 Be7 6. e4 d5 7. e5 Nfd7 8. Bd3 c5 9. Qc2 Nc6 10. O-O cxd4 11. cxd5 exd5 12. Re1 Nc5 13. Nb3 Ne6 14. Bb5 Bd7 15. Bxc6 bxc6 16. Nfxd4 Nxd4 17. Nxd4 c5 18. Ne2 O-O 19. Nf4 Bc6 20. a4 Rc8 21. Ra3 Re8 22. Rh3 h6 23.
Ne6 fxe6 24. Rxh6 gxh6 25. Qg6+ Kh8 26. Qxh6+ Kg8 27. Qg6+ Kh8 28. Re3 Bh4 29. Rh3 Rc7 30. Bg5 Rg7 31. Bf6 Ree7 32. Rxh4+ Kg8 33. Bxg7 Rxg7 34. Qxe6+ Rf7 35. Rg4+ Kf8 36.
Qxc6 c4 37. Qc5+ Re7 38. e6 Qe8 39. Qd6 Qh5 40. Qf4+ Qf7 41.
Qxf7+ Rxf7 42. exf7 1-0

[Event "44th Chess Olympiad Open 2022"]
[Site "Chennai"]
[Date "2022.08.08"]
[Round "10.38"]
[White "Esmeraldas Huachi, Anderson"]
[Black "Abdulrahman Mohammad, Al Taher"]
[Result "1-0"]
[WhiteElo "2071"]
[BlackElo "2029"]
[Annotator "NA RC"]
[PlyCount "97"]
[EventDate "2022.??.??"]
[TimeControl "60"]

1. d4 d5 2. c4 e6 3. Nc3 Nf6 4. cxd5 exd5 5. Nf3 Be7 6. Bg5 O-O 7. e3 h6 8. Bh4 c6 9. Bd3 Re8 10. Qc2 Ne4 11. Bxe7 Qxe7 12. O-O Nd7 13. Bxe4 dxe4 14. Nd2 Nf6 15. Rfd1 Bg4 16. Rdc1 Rad8 17. b4 h5 18. b5 c5 19. dxc5 Qxc5 20. h3 Bf5 21. Nb3 Qe5 22. Nd4 g5 23.
Nce2 g4 24. h4 Nd5 25. g3 Nb4 26. Qc7 Nd3 27. Qxe5 Rxe5 28. Rc7 Rd7 29. Rc3 Bg6 30. Nf4 Ree7 31. a4 Kg7 32. Raa3 Ne5 33. Nfe2 Nf3+ 34. Kg2 Rc7 35. Rxc7 Rxc7 36. Rc3 Rxc3 37. Nxc3 Kf6 38. Nb3 b6 39. Nd4 Ne5 40. Nd5+ Kg7 41. Nc6 Nxc6 42. bxc6 Kf8 43. c7 Bf5 44. Nf6 Ke7 45. Nxh5 Kd7 46. Ng7 Bh7 47. Ne8 Bg6 48. h5 Bf5 49. c8=Q+ 1-0

[Event "44th Chess Olympiad Open 2022"]
[Site "Chennai"]
[Date "2022.08.08"]
[Round "10.39"]
[White "Tologontegin, Semetey"]
[Black "Thing, Bibek"]
[Result "1-0"]
[WhiteElo "2378"]
[BlackElo "2260"]
[Annotator "RC"]
[PlyCount "69"]
[EventDate "2022.??.??"]
[TimeControl "60"]

1. g3 d5 2. Bg2 Nf6 3. d3 Bf5 4. Nd2 c6 5. e4 dxe4 6. dxe4 Bg4 7. Ngf3 e5 8. h3 Bxf3 9. Qxf3 Nbd7 10. O-O Be7 11. a4 O-O 12. Qe2 Re8 13.
Nc4 Bc5 14. Bd2 a5 15. Rfd1 Qc7 16. Bc3 b6 17. h4 Nf8 18. Bh3 Bb4 19. Bxb4 axb4 20. Qe1 b5 21. Ne3 Qa5 22. b3 Rad8 23. axb5 Qxb5 24. Rxd8 Rxd8 25. Nc4 Rd4 26. Ra5 Qb8 27. Bg2 Qd8 28. Ra1 Qe7 29. Bf3 g6 30. Qe3 Kg7 31. Qg5 N8d7 32. Ne3 Qe6 33. Nf5+ Kg8 34. Ra8+ Nf8 35. Qh6 1-0

[Event "44th Chess Olympiad Open 2022"]
[Site "Chennai"]
[Date "2022.08.08"]
[Round "10.39"]
[White "Zhakshylykov, Erzhan"]
[Black "Bhandari, Kshitiz"]
[Result "1-0"]
[WhiteElo "2332"]
[BlackElo "2071"]
[Annotator "RC"]
[PlyCount "51"]
[EventDate "2022.??.??"]
[TimeControl "60"]

1. e4 c5 2. Nf3 e6 3. d4 cxd4 4. Nxd4 a6 5. c4 Nf6 6. Nc3 d6 7. Be2 Nbd7 8. Be3 b6 9. O-O Bb7 10. f3 Be7 11. a4 O-O 12. a5 bxa5 13.
Nb3 Qc7 14. Nxa5 Rfb8 15. Qd2 Ne5 16. Rfc1 Bc8 17. Na4 Bd7 18. b4 Nc6 19. Nxc6 Bxc6 20. b5 Be8 21. Nc3 a5 22. b6 Qb7 23. Nb5 Bxb5 24. cxb5 d5 25. Rc7 Bb4 26. Qd1 1-0

[Event "44th Chess Olympiad Open 2022"]
[Site "Chennai"]
[Date "2022.08.08"]
[Round "10.39"]
[White "Jaiswal, Rupesh"]
[Black "Degenbaev, Aziz"]
[Result "1-0"]
[WhiteElo "2083"]
[BlackElo "2215"]
[Annotator "NA RC"]
[PlyCount "91"]
[EventDate "2022.??.??"]
[TimeControl "60"]

1. e4 c5 2. Nf3 d6 3. Bb5+ Nd7 4. a4 Ngf6 5. Nc3 g6 6. a5 a6 7. Bc4 h6 8. O-O Bg7 9. Re1 O-O 10. d3 b5 11. axb6 Bb7 12. Nd5 Nxb6 13.
Nxb6 Qxb6 14. Bd2 e5 15. Qc1 Kh7 16. Ba5 Qc6 17. b4 Rae8 18.
bxc5 Qxc5 19. Qa3 Nxe4 20. Rxe4 Qxa3 21. Rxa3 Bxe4 22. dxe4 Rc8 23. Bb3 f5 24. Nd2 h5 25. Ra2 Bh6 26. Nc4 Rc6 27. Bd2 Rxc4 28. Bxh6 Rd4 29. c3 Rxe4 30. f3 Re1+ 31. Kf2 Kxh6 32. Kxe1 Rb8 33. Bd5 Rb1+ 34. Ke2 h4 35. h3 Kg5 36. Ke3 a5 37. Rxa5 Rc1 38. f4+ exf4+ 39. Kd2 Rb1 40. Ra6 f3 41. Bxf3 Kf4 42. Rxd6 g5 43. Rg6 Rf1 44. Kd3 g4 45. Bxg4 fxg4 46. Rxg4+ 1-0

[Event "44th Chess Olympiad Open 2022"]
[Site "Chennai"]
[Date "2022.08.08"]
[Round "10.39"]
[White "Lama, Milan"]
[Black "Markov, Mikhail"]
[Result "0-1"]
[WhiteElo "2024"]
[BlackElo "2333"]
[Annotator "RC"]
[PlyCount "64"]
[EventDate "2022.??.??"]
[TimeControl "60"]

1. e4 c5 2. c3 Nf6 3. e5 Nd5 4. d4 cxd4 5. Nf3 d6 6. cxd4 Nc6 7. exd6 Qxd6 8.
Nc3 Nxc3 9. bxc3 e6 10. Bd3 Be7 11. O-O b6 12. Qe2 Bb7 13.
a4 O-O 14. Qe4 g6 15. Bf4 Qd8 16. Bh6 Re8 17. Bb5 Rc8 18. Qf4 Bd6 19. Qe3 a6 20. Bxc6 Bxc6 21. Ne5 Bd5 22. Ng4 f6 23. Bf4 Bf8 24. Qd2 g5 25. Be3 h5 26. Nxf6+ Qxf6 27. Bxg5 Qg6 28. f4 Be7 29. Bxe7 Rxe7 30. Rae1 Rg7 31. Rf2 h4 32. Re5 Qb1+ 0-1

[Event "44th Chess Olympiad Open 2022"]
[Site "Chennai"]
[Date "2022.08.08"]
[Round "10.40"]
[White "Zambrana, Osvaldo"]
[Black "Liyanage, Ranindu Dilshan"]
[Result "0-1"]
[WhiteElo "2417"]
[BlackElo "2286"]
[Annotator "RC"]
[PlyCount "74"]
[EventDate "2022.??.??"]
[TimeControl "60"]

1. e4 e6 2. d4 d5 3. Nd2 c5 4. Ngf3 cxd4 5. exd5 Qxd5 6. Bc4 Qd7 7. O-O Nc6 8. Nb3 a6 9. Nbxd4 Nxd4 10. Nxd4 Qc7 11. b3 Bd6 12. h3 Ne7 13. Bb2 O-O 14. Re1 Ng6 15. Qh5 b5 16. Bd3 Bb7 17. a4 Bh2+ 18.
Kh1 Bxg2+ 19. Kxg2 Nf4+ 20. Kxh2 Nxh5+ 21. Kg1 Nf4 22. Bf1 e5 23. Nxb5 axb5 24. Bxe5 Qxc2 25. Bxf4 bxa4 26. b4 a3 27. Bg2 Qg6 28. Bg3 Ra4 29. b5 Ra5 30. Bc6 h5 31. Kh2 Rc8 32. Bd7 Rc5 33.
Ra2 h4 34. Bf4 Rc2 35. Rxc2 Qxc2 36. Kg2 a2 37. Be5 Qd2 0-1

[Event "44th Chess Olympiad Open 2022"]
[Site "Chennai"]
[Date "2022.08.08"]
[Round "10.40"]
[White "Bolanos, Fernando"]
[Black "Nabil Nazar, Mohamed"]
[Result "1/2-1/2"]
[WhiteElo "2258"]
[BlackElo "1845"]
[Annotator "NA RC"]
[PlyCount "103"]
[EventDate "2022.??.??"]
[TimeControl "60"]

1. e4 c5 2. Nf3 e6 3. d4 cxd4 4. Nxd4 Nf6 5. Nc3 Nc6 6. Nxc6 bxc6 7. e5 Nd5 8. Ne4 Bb7 9. Be2 c5 10. O-O Qc7 11. c4 Ne3 12. Bxe3 Bxe4 13. f4 Be7 14. Bf3 Bxf3 15. Rxf3 O-O 16. Rh3 g6 17. Bd2 f6 18. Bc3 fxe5 19. Rd3 Rad8 20. fxe5 d6 21. Qe1 Qc8 22. exd6 Bxd6 23. Rxd6 Rxd6 24. Qe5 Rd4 25. Bxd4 cxd4 26. Qxd4 Rd8 27. Qe4 Qc5+ 28. Kh1 e5 29. Re1 Rd2 30. b4 Qd4 31. Qxd4 exd4 32. Kg1 Rxa2 33. Rd1 Ra4 34. Rb1 a5 35. c5 axb4 36. c6 Ra6 37. Rc1 Ra8 38. Kf2 b3 39. Kf3 Rc8 40. Ke4 b2 41. Rb1 Rxc6 42. Rxb2 Rc4 43. Rd2 Kg7 44. h3 Kh6 45. Rxd4 Rxd4+ 46. Kxd4 Kg5 47. g3 Kf5 48. Kd5 g5 49. Kd4 h5 50. Kd5 h4 51. gxh4 gxh4 52. Kd4 1/2-1/2

[Event "44th Chess Olympiad Open 2022"]
[Site "Chennai"]
[Date "2022.08.08"]
[Round "10.40"]
[White "De Silva, L M S T.."]
[Black "Pinto, Daniel"]
[Result "1-0"]
[WhiteElo "2212"]
[BlackElo "2249"]
[Annotator "NA RC"]
[PlyCount "85"]
[EventDate "2022.??.??"]
[TimeControl "60"]

1. e4 e5 2. Nf3 Nc6 3. Bb5 Nf6 4. O-O Nxe4 5. Re1 Nd6 6.
Nxe5 Be7 7. Bf1 Nxe5 8. Rxe5 O-O 9. Nc3 Ne8 10. Nd5 Bd6 11.
Re1 c6 12. Ne3 Be7 13. Qe2 Bf6 14. Ng4 d5 15. Nxf6+ Qxf6 16. d4 Be6 17. c3 Nd6 18. g3 Rfe8 19. Bf4 Bf5 20. Be5 Qg6 21. Qd1 Bc2 22. Qc1 Nc4 23. b3 Nxe5 24. dxe5 Be4 25. Qe3 Re6 26. f3 Bf5 27. c4 f6 28. cxd5 cxd5 29. Qd4 Rd8 30. exf6 Qxf6 31. Qxa7 Rb6 32. Qa4 Bd7 33. Qa5 Rd6 34. Rad1 Bc6 35. f4 g5 36. Bg2 gxf4 37. Rf1 f3 38. Rxf3 Qb2 39. Qc7 R6d7 40. Qf4 Qxa2 41. Bh3 Qb2 42. Bxd7 Bxd7 43. Qg5+ 1-0

[Event "44th Chess Olympiad Open 2022"]
[Site "Chennai"]
[Date "2022.08.08"]
[Round "10.40"]
[White "Alahakoon, Isuru"]
[Black "Gemy, Jose Daniel"]
[Result "0-1"]
[WhiteElo "2000"]
[BlackElo "2373"]
[Annotator "RC"]
[PlyCount "92"]
[EventDate "2022.??.??"]
[TimeControl "60"]

1. Nf3 Nf6 2. d4 g6 3. Bg5 Ne4 4. Bh4 c5 5. Nbd2 d5 6. e3 Qb6 7. dxc5 Qxb2 8. Nxe4 dxe4 9. Qd4 Bg7 10. Bb5+ Nd7 11. Qxb2 Bxb2 12. Rb1 Bc3+ 13. Nd2 a6 14. Ba4 Kd8 15. Bxd7 Bxd7 16. O-O Bxd2 17. Rfd1 Bc6 18. Rxd2+ Ke8 19. h3 f6 20. Bg3 Rc8 21. c4 Kf7 22. Kf1 Rhd8 23. Ke2 Rxd2+ 24. Kxd2 Rd8+ 25. Ke2 Rd3 26. Rb3 Rd7 27. Rb2 e5 28. f4 exf3+ 29. gxf3 h5 30. h4 Ke6 31. Bf2 e4 32. fxe4 Bxe4 33. Rb6+ Kf5 34. Be1 g5 35. Bc3 Rf7 36. Kf2 gxh4 37. Kg1 Rg7+ 38. Kh2 Bc6 39. Rb2 Rg3 40. Bd4 Kg4 41. e4 Bxe4 42. Bxf6 Rh3+ 43. Kg1 Rh1+ 44. Kf2 h3 45. c6 bxc6 46. Re2 Rh2+ 0-1

[Event "44th Chess Olympiad Open 2022"]
[Site "Chennai"]
[Date "2022.08.08"]
[Round "10.41"]
[White "Zaibi, Amir"]
[Black "Lau, Lut Yin Luke"]
[Result "1-0"]
[WhiteElo "2398"]
[BlackElo "2027"]
[Annotator "RC"]
[PlyCount "85"]
[EventDate "2022.??.??"]
[TimeControl "60"]

1. Nf3 d5 2. d4 e6 3. Bf4 Nf6 4. e3 Bd6 5. Bg3 O-O 6. Nbd2 c5 7. c3 Nc6 8. Bd3 b6 9. Qe2 Bb7 10. Rd1 Re8 11. e4 dxe4 12. Nxe4 Bxg3 13. hxg3 cxd4 14. Nxf6+ Qxf6 15. Bxh7+ Kf8 16. Be4 Rad8 17. Rh8+ Ke7 18.
Rxe8+ Kxe8 19. Qb5 e5 20. Bxc6+ Bxc6 21. Qxe5+ Qxe5+ 22. Nxe5 Bxg2 23. Rxd4 Rxd4 24. cxd4 Bd5 25. a3 f6 26. Ng4 Kd7 27. Kd2 Kd6 28. Ne3 Be4 29. Kc3 g5 30. Kc4 Bb7 31. Kd3 Bf3 32. Nc2 Bh5 33. Nb4 Bf3 34. Na2 Bd5 35. Nc3 Bc6 36. Kc4 Bg2 37. Nb5+ Kc6 38. Nxa7+ Kb7 39. Nb5 Kc6 40. Nc3 Bf1+ 41. Kb4 Bd3 42. a4 Bc2 43. a5 1-0

[Event "44th Chess Olympiad Open 2022"]
[Site "Chennai"]
[Date "2022.08.08"]
[Round "10.41"]
[White "Amdouni, Zoubaier"]
[Black "Nissinen, Niilo Man"]
[Result "1-0"]
[WhiteElo "2224"]
[BlackElo "1693"]
[Annotator "RC"]
[PlyCount "129"]
[EventDate "2022.??.??"]
[TimeControl "60"]

1. e4 c5 2. Nc3 Nc6 3. Bb5 Nd4 4. Nf3 Nxb5 5. Nxb5 a6 6.
Nc3 d6 7. d4 cxd4 8. Qxd4 e5 9. Qb4 Ne7 10. Be3 b5 11. a4 Nc6 12. Qb3 Na5 13. Qa2 b4 14. Nd5 Rb8 15. Rd1 Be6 16. O-O Be7 17. Nd2 O-O 18. Nc4 Nxc4 19. Qxc4 a5 20. Qa6 Ra8 21. Qb7 Bg5 22. Bxg5 Qxg5 23. Qe7 Qg6 24. f3 Rac8 25. Qxd6 Bxd5 26. Qxg6 hxg6 27. Rxd5 Rxc2 28. Rf2 Rfc8 29. Rxc2 Rxc2 30. Rxe5 Rxb2 31.
Rxa5 Ra2 32. Ra8+ Kh7 33. h4 b3 34. Kh2 b2 35. Rb8 b1=Q 36.
Rxb1 Rxa4 37. Rb8 Ra7 38. Re8 Rb7 39. g4 g5 40. hxg5 Kg6 41.
Re5 Ra7 42. Rd5 Ra1 43. Kg3 Rb1 44. Rd6+ Kh7 45. f4 Rg1+ 46. Kh3 Re1 47. e5 g6 48. Rd2 Kg7 49. Kg3 Kf8 50. Kf2 Re4 51.
Kf3 Re1 52. Re2 Rf1+ 53. Ke4 Rg1 54. e6 fxe6 55. Ra2 Rxg4 56. Ke5 Rh4 57. Ra7 Rg4 58. Rh7 Kg8 59. Re7 Rh4 60. Rxe6 Kf7 61.
Ra6 Kg7 62. Ra7+ Kg8 63. f5 gxf5 64. Kf6 Rb4 65. Ra8+ 1-0

[Event "44th Chess Olympiad Open 2022"]
[Site "Chennai"]
[Date "2022.08.08"]
[Round "10.41"]
[White "Deng, Yu Dong Michael"]
[Black "Boudriga, Mohamed Ali"]
[Result "1/2-1/2"]
[WhiteElo "2028"]
[BlackElo "2308"]
[Annotator "RC"]
[PlyCount "73"]
[EventDate "2022.??.??"]
[TimeControl "60"]

1. d4 d6 2. c4 e5 3. Nc3 exd4 4. Qxd4 Nf6 5. Nf3 Be7 6. e3 O-O 7. b3 Nc6 8. Qd2 Bf5 9. Bb2 a5 10. Bd3 Bxd3 11. Qxd3 d5 12. Rd1 dxc4 13. Qxc4 Qc8 14. O-O Nb4 15. a3 Na6 16. Nb5 Ne8 17. Be5 c6 18. Nd6 Nxd6 19. Bxd6 Bxd6 20. Rxd6 Qf5 21. e4 Qc5 22. Qd3 Qxa3 23. e5 Nc5 24. Qf5 Qxb3 25. Ng5 g6 26. Qg4 Rae8 27. Qh4 h5 28.
g4 Rxe5 29. f4 Qe3+ 30. Kh1 Qe2 31. Rg1 Rxg5 32. Qxg5 Qe4+ 33. Rg2 Qe1+ 34. Rg1 Qe4+ 35. Rg2 Qb1+ 36. Rg1 Qe4+ 37. Rg2 1/2-1/2

[Event "44th Chess Olympiad Open 2022"]
[Site "Chennai"]
[Date "2022.08.08"]
[Round "10.41"]
[White "Kwong, Wing Ki"]
[Black "Bouzidi, Ahmed"]
[Result "0-1"]
[WhiteElo "1824"]
[BlackElo "2148"]
[Annotator "NA RC"]
[PlyCount "90"]
[EventDate "2022.??.??"]
[TimeControl "60"]

1. d4 Nf6 2. c4 e6 3. Nf3 b6 4. g3 Bb7 5. Bg2 g6 6. O-O Bg7 7. Nc3 Ne4 8.
Qc2 Nxc3 9. bxc3 d6 10. e4 Nd7 11. Bg5 Qc8 12. Rfe1 h6 13.
Bf4 O-O 14. Rad1 a5 15. a4 g5 16. Bc1 e5 17. Ba3 Qe8 18.
Re3 Qe6 19. Bf1 Rae8 20. d5 Qg6 21. Bd3 Bc8 22. Ne1 Nf6 23.
f3 h5 24. Ng2 Bh6 25. Ree1 Bh3 26. Bc1 Kh8 27. Kh1 Nd7 28. Ne3 g4 29. f4 Bg7 30. Nf5 Bf6 31. Qf2 Qh7 32. Bc2 exf4 33. gxf4 h4 34. e5 dxe5 35. Nd6 Qh5 36. Nxe8 Rxe8 37. Qe2 Re7 38. f5 e4 39. Bxe4 Nc5 40. Qc2 Nxe4 41. Rxe4 g3 42. Rf4 Re2 43. Qd3 Bg2+ 44. Kg1 gxh2+ 45. Kxh2 Be4+ 0-1

[Event "44th Chess Olympiad Open 2022"]
[Site "Chennai"]
[Date "2022.08.08"]
[Round "10.42"]
[White "Chukavin, Kirill"]
[Black "Blackburn, Jonathan L B"]
[Result "1/2-1/2"]
[WhiteElo "2418"]
[BlackElo "2176"]
[Annotator "RC"]
[PlyCount "114"]
[EventDate "2022.??.??"]
[TimeControl "60"]

1. e4 e6 2. d4 d5 3. Nd2 c5 4. Ngf3 Nc6 5. exd5 exd5 6. Bb5 Qe7+ 7. Be2 Qc7 8. O-O Nf6 9. Re1 cxd4 10. Nb3 Bb4 11. Bd2 Bxd2 12. Qxd2 O-O 13. Bd3 Bd7 14. Nbxd4 Rfe8 15. c3 Na5 16. Qc2 Nc4 17. h3 g6 18. Rad1 Rac8 19. Qc1 Kg7 20. Bf5 h6 21. Bxd7 Nxd7 22. Rxe8 Rxe8 23. Re1 Nde5 24. Nxe5 Rxe5 25. b3 Rxe1+ 26. Qxe1 Ne5 27. Qe3 Nc6 28. Nb5 Qd7 29. Kf1 Qf5 30. Na3 h5 31. Ke2 d4 32. cxd4 Qa5 33.
Nc4 Qxa2+ 34. Nd2 Qa6+ 35. Kf3 Qa5 36. Kg3 Qd5 37. Nf3 Qd6+ 38.
Qf4 h4+ 39. Nxh4 Qxf4+ 40. Kxf4 Nxd4 41. b4 b5 42. Ke4 Nc6 43. Nf3 Nxb4 44. Nd4 f5+ 45. Kf4 a6 46. g4 fxg4 47. hxg4 Nd3+ 48. Ke3 Ne5 49. g5 b4 50. f4 Nc4+ 51. Kd3 Nb6 52. f5 gxf5 53. Nxf5+ Kg6 54. Ne7+ Kxg5 55. Nc6 Nd5 56. Kc4 Kf6 57. Nxb4 Nxb4 1/2-1/2

[Event "44th Chess Olympiad Open 2022"]
[Site "Chennai"]
[Date "2022.08.08"]
[Round "10.42"]
[White "Kanep, Meelis"]
[Black "Pleasants, Allan J"]
[Result "1-0"]
[WhiteElo "2417"]
[BlackElo "2024"]
[Annotator "RC"]
[PlyCount "49"]
[EventDate "2022.??.??"]
[TimeControl "60"]

1. d4 g6 2. e4 Bg7 3. Nc3 d6 4. Bg5 h6 5. Be3 a6 6. a4 Nd7 7. Nf3 b6 8. h3 Bb7 9. Qd2 e6 10. Bd3 Ne7 11. Ne2 Nf6 12. Ng3 d5 13. e5 Nd7 14. h4 c5 15. c3 Qc7 16. h5 g5 17. O-O Nc6 18. Nh2 O-O-O 19. f4 f6 20. f5 fxe5 21. fxe6 e4 22. exd7+ Rxd7 23. Be2 cxd4 24. Bxd4 Nxd4 25. cxd4 1-0

[Event "44th Chess Olympiad Open 2022"]
[Site "Chennai"]
[Date "2022.08.08"]
[Round "10.42"]
[White "Toczek, Grzegorz"]
[Black "Kiik, Kalle"]
[Result "0-1"]
[WhiteElo "2287"]
[BlackElo "2365"]
[Annotator "RC"]
[PlyCount "74"]
[EventDate "2022.??.??"]
[TimeControl "60"]

1. d4 c5 2. d5 g6 3. c4 d6 4. g3 b5 5. cxb5 a6 6. b6 Bg7 7. Bg2 Qxb6 8. Nc3 Nd7 9. Nf3 a5 10. O-O Ngf6 11. Qc2 Ba6 12. Rb1 O-O 13. h3 Qc7 14. Re1 Nb6 15. e4 Nfd7 16. Bf1 Bxf1 17. Rxf1 a4 18. Rd1 Qb7 19. Bf4 Qa6 20. Rbc1 Nc4 21. b3 axb3 22. axb3 Na3 23. Qd3 Rfb8 24. Qxa6 Rxa6 25. Nd2 h6 26. h4 Kh7 27. Kf1 Bf6 28. Be3 Ne5 29. Ke2 Ng4 30. f4 Nxe3 31. Kxe3 Rb4 32. e5 dxe5 33. Nce4 exf4+ 34. gxf4 Bb2 35. Nxc5 Rab6 36. Kf3 Bxc1 37. Rxc1 Rd4 0-1

[Event "44th Chess Olympiad Open 2022"]
[Site "Chennai"]
[Date "2022.08.08"]
[Round "10.42"]
[White "Bullen, Alex"]
[Black "Volodin, Aleksandr"]
[Result "1/2-1/2"]
[WhiteElo "2106"]
[BlackElo "2454"]
[Annotator "RC"]
[PlyCount "74"]
[EventDate "2022.??.??"]
[TimeControl "60"]

1. d4 Nf6 2. Nf3 d5 3. c4 e6 4. g3 Bb4+ 5. Bd2 a5 6. Bg2 O-O 7. O-O dxc4 8. Qc2 b5 9. a4 c6 10. axb5 Bxd2 11. Nfxd2 Nd5 12. bxc6 Nxc6 13. Qxc4 Nce7 14. b4 a4 15. b5 Nf5 16. Qc5 Nd6 17. e4 Nb6 18. Nc3 Bb7 19. Qb4 Qd7 20. Rfb1 f5 21. e5 Bxg2 22. Kxg2 Nf7 23. Nxa4 Qd5+ 24. f3 Rxa4 25. Rxa4 Nxa4 26. Qxa4 Nxe5 27. dxe5 Qxd2+ 28. Kh1 f4 29. g4 Qd5 30. Qb3 Qxe5 31. b6 Rb8 32. b7 Kf7 33. Qb6 Qd5 34. Kg2 Qe5 35. Kh1 Qd5 36. Kg2 Qe5 37. Kh1 Qd5 1/2-1/2

[Event "44th Chess Olympiad Open 2022"]
[Site "Chennai"]
[Date "2022.08.08"]
[Round "10.43"]
[White "Ibarra Chami, Luis Fernando"]
[Black "El Jawich, Amro"]
[Result "1-0"]
[WhiteElo "2452"]
[BlackElo "2314"]
[Annotator "RC"]
[PlyCount "81"]
[EventDate "2022.??.??"]
[TimeControl "60"]

1. e4 c5 2. Nf3 Nc6 3. d4 cxd4 4. Nxd4 Nf6 5. Nc3 d6 6. Bg5 e6 7. Qd3 Nxd4 8. Qxd4 Be7 9. O-O-O O-O 10. f4 Qa5 11. Kb1 Rd8 12. Bd3 h6 13. Bh4 e5 14. Qf2 exf4 15. Nd5 Nxd5 16. exd5 g5 17. Qe2 Bf6 18. Bf2 Qb4 19. c3 Bxc3 20. Be1 f3 21. gxf3 Bxe1 22. Rhxe1 Qf4 23. h4 Bf5 24. hxg5 hxg5 25. Bxf5 Qxf5+ 26. Ka1 Kg7 27. Qd2 Rh8 28. Rg1 Rh5 29. Rde1 Rah8 30. a3 Kg6 31. f4 g4 32. Qe2 Rh4 33. Qe7 Rh2 34. Qxd6+ f6 35. Qb4 Rf2 36. Qxb7 Qxf4 37. d6 g3 38. Re4 Rf1+ 39. Ka2 Qf3 40. Rxf1 Qxf1 41. Rg4+ 1-0

[Event "44th Chess Olympiad Open 2022"]
[Site "Chennai"]
[Date "2022.08.08"]
[Round "10.43"]
[White "Khairallah, Faisal"]
[Black "Diaz Rosas, Julio Cesar"]
[Result "1-0"]
[WhiteElo "2239"]
[BlackElo "2328"]
[Annotator "RC"]
[PlyCount "93"]
[EventDate "2022.??.??"]
[TimeControl "60"]

1. d4 d5 2. c4 e6 3. Nc3 Nf6 4. cxd5 exd5 5. Bg5 Nbd7 6. e3 c6 7. Bd3 Bd6 8. Qc2 Nf8 9. Bh4 Ng6 10. Bg3 O-O 11. Nge2 Re8 12. O-O Nh5 13. Bxd6 Qxd6 14. Rab1 Qf6 15. b4 a6 16. Na4 Qd8 17. Nc5 Nf6 18. a4 Qc7 19. Ng3 Ng4 20. Rfe1 Re7 21. Nf1 Qd6 22. f3 Nf6 23. Qc3 Rc7 24. e4 dxe4 25. fxe4 Qf4 26. Rb2 Bd7 27. Rf2 Qh6 28. Bc4 Be8 29. Qg3 Rac8 30. Ne3 Qh4 31. Qf3 Rd8 32. Nf5 Qg5 33. e5 b5 34. Ba2 Ng4 35. Qg3 Qh5 36. Rff1 Nh6 37. Nd6 Re7 38. a5 Ra8 39. Re4 Nf8 40. Ref4 Ng6 41. Re4 Nf8 42. Bb3 Kh8 43. Rh4 Qg6 44. Qf3 Qg5 45. Qf4 Qg6 46. Rh3 f5 47. exf6 1-0

[Event "44th Chess Olympiad Open 2022"]
[Site "Chennai"]
[Date "2022.08.08"]
[Round "10.43"]
[White "Montes Orozco, Miguel Angel"]
[Black "Khoder, Akram"]
[Result "1-0"]
[WhiteElo "2070"]
[BlackElo "2038"]
[Annotator "NA RC"]
[PlyCount "69"]
[EventDate "2022.??.??"]
[TimeControl "60"]

1. d4 Nf6 2. c4 g6 3. Nc3 d5 4. Nf3 Bg7 5. Qb3 dxc4 6. Qxc4 O-O 7. e4 a6 8. Qb3 c5 9. dxc5 Qa5 10. Qb6 Qxb6 11. cxb6 Nbd7 12. Bd3 Nxb6 13. Be3 Rd8 14. Rd1 Nfd7 15. O-O Bxc3 16. bxc3 Na4 17. Bc4 Nb2 18. Rd4 Nxc4 19. Rxc4 Nf6 20. a4 b5 21. axb5 axb5 22. Rb4 Ra4 23. Re1 Ba6 24. Bc5 Rd7 25. Ne5 Rc7 26. Nd3 Ra3 27. Bd4 Nd7 28. h4 h5 29. Reb1 Ra2 30. R4b2 Ra5 31. Nb4 Bb7 32. Nd5 Bxd5 33. exd5 b4 34. Rxb4 Rxd5 35. Rb8+ 1-0

[Event "44th Chess Olympiad Open 2022"]
[Site "Chennai"]
[Date "2022.08.08"]
[Round "10.43"]
[White "Kaloust, Giorgio"]
[Black "Hernandez Guerrero, Gilberto"]
[Result "0-1"]
[WhiteElo "1942"]
[BlackElo "2560"]
[Annotator "RC"]
[PlyCount "104"]
[EventDate "2022.??.??"]
[TimeControl "60"]

1. d4 Nf6 2. c4 g6 3. Nf3 Bg7 4. g3 O-O 5. Bg2 d6 6. O-O Nbd7 7. Nc3 e5 8. e4 c6 9. h3 Qb6 10. dxe5 dxe5 11. Qe2 Qb4 12. Be3 Qe7 13. Nd2 Nc5 14. Rfd1 Nfd7 15. Nb3 Ne6 16. Rd3 Ndc5 17. Nxc5 Nxc5 18. Rd2 Re8 19. Rad1 a5 20. b3 Rb8 21. Bxc5 Qxc5 22. Rd8 Be6 23. Rxb8 Rxb8 24. Na4 Qb4 25. Qd2 Bf8 26. Qxb4 Bxb4 27. c5 Kf8 28. Kf1 Ke7 29. Ke2 f5 30. f3 Rf8 31. Rf1 h5 32. Rd1 Ba3 33. Rf1 Bb4 34. Rd1 g5 35.
Rf1 Rd8 36. Rd1 Rg8 37. Rh1 Rd8 38. Rd1 Rxd1 39. Kxd1 g4 40.
fxg4 hxg4 41. hxg4 fxe4 42. Bxe4 Bxg4+ 43. Kc2 Ke6 44. Kd3 Be1 45. Nb6 Bxg3 46. Kd2 Bf2 47. Na4 Bd4 48. a3 Kf6 49. b4 axb4 50. axb4 Kg5 51. Nb6 Kf4 52. Kd3 Bh3 0-1

[Event "44th Chess Olympiad Open 2022"]
[Site "Chennai"]
[Date "2022.08.08"]
[Round "10.44"]
[White "Saraci, Korab"]
[Black "Altorky, Amer"]
[Result "0-1"]
[WhiteElo "2287"]
[BlackElo "2040"]
[Annotator "NA RC"]
[PlyCount "77"]
[EventDate "2022.??.??"]
[TimeControl "60"]

1. d4 Nf6 2. c4 g6 3. Nc3 Bg7 4. Nf3 d6 5. e4 O-O 6. Bg5 Nbd7 7. Be2 e5 8.
dxe5 dxe5 9. O-O h6 10. Bh4 g5 11. Bg3 Nh5 12. Bxe5 Nxe5 13. Nxe5 Qxd1 14. Raxd1 Nf4 15. Nd3 Bxc3 16. Nxf4 Bxb2 17. Nd5 Be5 18. Ne3 Be6 19. Bg4 Rad8 20. g3 c5 21. Bf5 Rd4 22. Rxd4 cxd4 23. Nd5 Kg7 24. Rb1 b6 25. Rb5 Bd6 26. a4 Rc8 27. a5 bxa5 28. Rxa5 Bxf5 29. exf5 Rxc4 30. Ra6 Bc5 31. f6+ Kh7 32. Kf1 d3 33. Ra1 Rc2 34. Rd1 Rxf2+ 35. Ke1 Rf3 36. Kd2 Rf5 37. Nc3 Bb4 38. Kxd3 Rf3+ 39. Kd4 0-1

[Event "44th Chess Olympiad Open 2022"]
[Site "Chennai"]
[Date "2022.08.08"]
[Round "10.44"]
[White "Koniahli, Malek."]
[Black "Makolli, Perparim"]
[Result "0-1"]
[WhiteElo "2238"]
[BlackElo "2247"]
[Annotator "NA RC"]
[PlyCount "54"]
[EventDate "2022.??.??"]
[TimeControl "60"]

1. e4 c5 2. Nf3 e6 3. d4 cxd4 4. Nxd4 a6 5. Bd3 Nf6 6. O-O Qc7 7. Be3 Nc6 8. Nd2 Be7 9. Nxc6 bxc6 10. f4 d6 11. Nc4 Nd7 12. Qg4 d5 13.
exd5 exd5 14. Qxg7 Bf6 15. Qh6 dxc4 16. Bxc4 Bb7 17. Rad1 Be7 18. Bxf7+ Kxf7 19. Qh5+ Kf8 20. f5 Bf6 21. Bh6+ Ke7 22. Rfe1+ Kd8 23. Qf7 Kc8 24. Rd3 c5 25. Re6 Bd4+ 26. Kh1 Ne5 27. Qf6 Nxd3 0-1